 Dungeon Crawl Stone Soup version 0.26-a0-812-g31a745ddcd (webtiles) character file.

Game seed: 4453533953518600163

786 Dracia the Spear-Bearer (level 7, -9/50 HPs)
             Began as a Merfolk Gladiator on Dec 9, 2020.
             Was a Follower of Okawaru.
             Shot with an arrow by a centaur (14 damage)
             ... on level 6 of the Dungeon.
             The game lasted 00:07:42 (6287 turns).

Dracia the Spear-Bearer (Merfolk Gladiator)         Turns: 6287, Time: 00:07:42

Health: -9/50      AC:  6    Str: 22    XL:     7   Next: 87%
Magic:  16/16      EV: 14    Int:  8    God:    Okawaru [*.....]
Gold:   379        SH:  0    Dex: 15    Spells: 6/6 levels left

rFire    . . .     SeeInvis .   a - +0 trident
rCold    . . .     Faith    .   (no shield)
rNeg     . . .     Spirit   .   b - +0 leather armour
rPois    .         Reflect  .   c - +1 helmet
rElec    .         Harm     .   (no cloak)
rCorr    .         Rampage  .   p - +0 pair of gloves
MR       .....                  (no boots)
Stlth    +.........             (no amulet)
HPRegen  0.16/turn              S - +6 ring of strength
MPRegen  0.15/turn              W - ring of magical power

@: mighty
A: change form in water, swift swim, stealthy swim
a: Heroism, Renounce Religion


You were on level 6 of the Dungeon.
You worshipped Okawaru.
Okawaru was aware of your devotion.
You visited 1 branch of the dungeon, and saw 6 of its levels.

You collected 379 gold pieces.


   Skills:
 - Level 2.1 Fighting
 * Level 11.2 Polearms
 - Level 2.0 Throwing
 - Level 4.0 Dodging
 + Level 3.9 Evocations


You had 6 spell levels left.
You didn't know any spells.
Your spell library was empty.

Inventory:

Hand Weapons
 a - a +0 trident (weapon)
Missiles
 d - 3 throwing nets {=f=f}
Armour
 b - a +0 leather armour (worn)
 c - a +1 helmet (worn)
 p - a +0 pair of gloves (worn)
Jewellery
 R - an uncursed ring of resist corrosion
 S - a +6 ring of strength (left hand)
 W - a ring of magical power (right hand)
Wands
 r - a wand of paralysis (8)
 s - a wand of acid (9)
Scrolls
 k - a scroll of remove curse {@r2@r2}
 l - 4 scrolls of identify {@r1@r1}
 m - a scroll of fog
 q - a scroll of teleportation {@r4@r4}
 u - a scroll of amnesia
Potions
 e - a potion of berserk rage {!q!q}
 f - a potion of invisibility {unknown}
 h - a potion of flight {unknown}
 i - 3 potions of curing {@q1@q1}
 j - a potion of lignification {unknown}
 o - a potion of heal wounds {unknown}
 v - a potion of magic {unknown}
 w - a potion of cancellation

Dungeon Overview and Level Annotations

Branches:
Dungeon (6/15)
 Temple: D:4-7

Altars:
Cheibriados
Dithmenos
Fedhas
Kikubaaqudgha
Okawaru
Qazlal
Wu Jian
Yredelemnul
The Shining One

#.....# #.....#
########... #.....#
#.......... #.....#
#.......... #.....#
#.......... #.....#
#.......... #.....#
#..........
#.....#####..........
#.......((.((@.c.....
######...............
#....#.....#####$....
##...'.....# ....
#...#.....# ...
#...#.....# ..
#...'.....# .
#...#.....#
#...#.....+


You could see a centaur.


Message History

The centaur is moderately wounded.
The centaur shoots an arrow.
The arrow closely misses you.
You reach to attack!
You hit the centaur but do no damage.
The centaur is moderately wounded.
The centaur shoots an arrow.
The arrow hits you!
* * * LOW HITPOINT WARNING * * *
You are too injured to fight recklessly!
You are too injured to fight recklessly!
You are too injured to fight recklessly!
Unknown command.
Attack whom?
Press: ? - help, Dir - move target cursor, f/p - centaur
Aim: a centaur, wielding a +0 shortbow and quivering 12 arrows (moderately wounded)
You reach to attack!
You closely miss the centaur.
The centaur is moderately wounded.
The centaur shoots an arrow.
The arrow hits you!
* * * LOW HITPOINT WARNING * * *
Unknown command.
Attack whom?
Press: ? - help, Dir - move target cursor, f/p - centaur
Aim: a centaur, wielding a +0 shortbow and quivering 11 arrows (moderately wounded)
You reach to attack!
You hit the centaur but do no damage.
The centaur is moderately wounded.
The centaur shoots an arrow.
The arrow misses you.
It was a potion of might.
You feel very mighty all of a sudden.
The centaur shoots an arrow.
The arrow hits you.
* * * LOW HITPOINT WARNING * * *
The centaur shoots an arrow.
The arrow hits you!
You die...

Skill      XL: |  1  2  3  4  5  6  7 |
---------------+----------------------+-----
Polearms       | 5 6 7 8 9 10 11 | 11.2
Evocations     | 2 3 |  3.9
Fighting       | |  2.1
Throwing       | |  2.0
Dodging        | |  4.0

Action                   |  1- 3 |  4- 6 |  7- 9 || total
-------------------------+-------+-------+-------++-------
Melee: Trident           |    80 |   267 |    78 ||   425
       Punch             |       |       |     2 ||     2
Invok: Heroism           |       |       |     2 ||     2
  Use: Potion            |       |     3 |     1 ||     4
       Scroll            |       |    10 |       ||    10
 Stab: Sleeping          |       |     6 |       ||     6
       Distracted        |       |     1 |       ||     1
Armor: Leather armour    |    15 |    48 |    11 ||    74
Dodge: Dodged            |    39 |   155 |    39 ||   233

Levels and vault maps discovered:
D:1:      saegor_arrival_simple_c, layout_rooms, serial_bayou_pond_d, tso_altar
D:2:      layout_basic, grunt_temple_overflow_growth_and_decay,
          lemuel_coloured_pillars_altar, moated_statue, kennysheep_slug_shrine
D:3:      layout_loops_cross, nicolae_dithmenos_through_a_glass_darkly,
          yredelemnul_altar_generic
D:4:      layout_gridville, minmay_misc_feat_rugged, minivault_27, uniq_edmund,
          uniq_ijyb
D:5:      layout_rooms, lemuel_crystal_altar, lemuel_crystal_altar,
          dk_noncrumbling_2
D:6:      layout_gridville, nicolae_overflow_hidden_temple, uniq_eustachio,
          uniq_duvessa

Notes
Turn   | Place    | Note
-------+----------+-------------------------------------------
     0 | D:1      | Dracia the Merfolk Gladiator began the quest for the Orb.
     0 | D:1      | Reached XP level 1. HP: 16/16 MP: 1/1
    79 | D:1      | Reached skill level 5 in Polearms
    80 | D:1      | Reached XP level 2. HP: 22/22 MP: 2/2
   521 | D:1      | Reached skill level 6 in Polearms
   521 | D:1      | Reached XP level 3. HP: 26/27 MP: 3/3
   623 | D:1      | Found a glowing golden altar of the Shining One.
   786 | D:2      | Found a snail-covered altar of Cheibriados.
   848 | D:2      | Found a blossoming altar of Fedhas.
   849 | D:2      | Found an ancient bone altar of Kikubaaqudgha.
   875 | D:2      | Reached skill level 7 in Polearms
   875 | D:2      | Reached XP level 4. HP: 26/33 MP: 4/4
  1514 | D:2      | Found an iron altar of Okawaru.
  1843 | D:2      | Became a worshipper of Warmaster Okawaru
  2087 | D:2      | Reached skill level 8 in Polearms
  2087 | D:2      | Reached XP level 5. HP: 37/38 MP: 5/5
  2476 | D:3      | Found a basalt altar of Yredelemnul.
  2529 | D:3      | Reached skill level 1 in Evocations
  3051 | D:3      | Found a shadowy altar of Dithmenos.
  3464 | D:4      | Noticed Ijyb
  3487 | D:4      | Killed Ijyb
  3508 | D:4      | Reached skill level 9 in Polearms
  3508 | D:4      | Reached skill level 2 in Evocations
  3508 | D:4      | Reached XP level 6. HP: 6/44 MP: 6/6
  4498 | D:4      | Noticed Edmund
  4759 | D:4      | Killed Edmund
  4759 | D:4      | Reached * piety under Okawaru
  4759 | D:4      | Reached skill level 10 in Polearms
  4759 | D:4      | Reached skill level 3 in Evocations
  4759 | D:4      | Reached XP level 7. HP: 36/50 MP: 7/7
  5034 | D:5      | Entered Level 5 of the Dungeon
  5173 | D:5      | Found an ornate altar of the Wu Jian Council.
  5565 | D:5      | Reached skill level 11 in Polearms
  6034 | D:5      | Found a stormy altar of Qazlal.
  6287 | D:6      | HP: 5/50 [centaur/arrow (6)]
  6287 | D:6      | Shot with an arrow by a centaur

Vanquished Creatures
  Edmund (D:4)
  An ice beast (D:5)
  An ogre (D:5)
  2 scorpions (D:4)
  A centaur zombie (D:5)
  A jelly (D:2)
  An iguana (D:5)
  Ijyb (D:4)
  3 worker ants
  4 adders
  4 gnolls
  A worker ant zombie (D:5)
  A white imp (D:5)
  2 oozes (D:3)
  An adder skeleton (D:5)
  3 worms
  3 dart slugs
  3 leopard geckos
  7 orcs
  A ball python (D:2)
  9 bats
  2 giant cockroaches (D:2)
  12 goblins
  11 hobgoblins
  8 jackals
  6 kobolds
  A quokka (D:2)
  4 frilled lizards
  2 rats (D:1)
97 creatures vanquished.

Table legend: (Time is in decaauts)
 A = Elapsed time spent in this place.
 B = Non-inter-level travel time spent in this place.
 C = Inter-level travel time spent in this place.
 D = Time resting spent in this place.
 E = Time spent auto-exploring this place.
 F = Levels seen in this place.
 G = Mean time per level.
                   A        B        C        D        E       F      G
               +--------+--------+--------+--------+--------+-----+--------+
         Total |   6225 |   5984 |    241 |   1410 |   3804 |   6 | 1037.5 |
       Dungeon |   6225 |   5984 |    241 |   1410 |   3804 |   6 | 1037.5 |
               +--------+--------+--------+--------+--------+-----+--------+

Top non-repeatable levels by time:
     D:4: 1888 daAuts
     D:2: 1581 daAuts
     D:3: 1017 daAuts
     D:5: 940 daAuts
     D:1: 762 daAuts
     D:6: 35 daAuts

Table legend:
 A = Non-vault XP
 B = Vault XP
 C = Vault XP percentage of total XP
 D = Non-vault monster count
 E = Vault monster count
 F = Vault count percentage of total count
                 A         B        C        D         E       F
            +---------+---------+-------+---------+---------+-------
      Total |     918 |     206 |  18.3 |      94 |       3 |   3.1
            +---------+---------+-------+---------+---------+-------
        D:1 |      35 |       0 |   0.0 |      22 |       0 |   0.0
        D:2 |     132 |       4 |   2.9 |      25 |       1 |   3.8
        D:3 |     101 |       0 |   0.0 |      27 |       0 |   0.0
        D:4 |     248 |     202 |  44.9 |      10 |       2 |  16.7
        D:5 |     402 |       0 |   0.0 |      10 |       0 |   0.0
            +---------+---------+-------+---------+---------+-------
